 Dungeon Crawl Stone Soup version 0.18.1-2-ga659475 (webtiles) character file.

75 Chris7 the Cutter (level 4, -1/28 HPs)
             Began as a Kobold Monk on May 8, 2016.
             Killed from afar by an orc wizard (6 damage)
             ... with a magic dart
             ... on level 3 of the Dungeon.
             The game lasted 00:04:21 (2532 turns).

Chris7 the Cutter (Kobold Monk)                     Turns: 2532, Time: 00:04:22

Health: -1/28      AC:  5    Str:  6 (9)  XL:     4   Next: 55%
Magic:  4/4        EV: 22    Int: 10 (13) God:
Gold:   85         SH:  0    Dex: 21 (24) Spells: 0 memorised, 3 levels left

rFire  . . .     SeeInvis .     e - +1 short sword (freeze)
rCold  . . .     Gourm    .     a - +0 robe
rNeg   + . .     Faith    .     (shield restricted)
rPois  .         Spirit   .     (no helmet)
rElec  .         Dismiss  .     (no cloak)
rCorr  .         Reflect  .     j - +2 pair of gloves
SustAt .         Harm     .     (no boots)
MR     .....                    (no amulet)
Stlth  ++++......               (no ring)
                                p - ring of positive energy

@: brilliant, agile, very slightly contaminated, slowed, very slow, not
resistant to hostile enchantments, stealthy
A: carnivore 3
a: no special abilities


You were on level 3 of the Dungeon.
You were very full.

You visited 1 branch of the dungeon, and saw 3 of its levels.

You collected 85 gold pieces.

Inventory:

Hand Weapons
 d - a +0 short sword
 e - a +1 short sword of freezing (weapon)
 q - a +3 dagger
 r - a +0 dagger
 s - a +0 short sword of protection
Missiles
 g - 121 stones (quivered)
Armour
 a - a +0 robe (worn)
 j - a +2 pair of gloves (worn)
Jewellery
 p - a ring of positive energy (left hand)
Wands
 u - a wand of random effects (25/48)
Scrolls
 c - 2 scrolls of magic mapping
 l - a scroll of noise {unknown}
 n - 3 scrolls of identify {unknown}
 x - a scroll of fog {unknown}
Comestibles
 b - 3 meat rations
 t - a slice of pizza
 v - 2 beef jerkies


   Skills:
 - Level 3.2 Fighting
 + Level 5.0 Short Blades
 - Level 3.6 Dodging
 - Level 2.6 Stealth
 - Level 4.0 Unarmed Combat


You had 3 spell levels left.
You didn't know any spells.

Dungeon Overview and Level Annotations

Branches:
Dungeon (3/15)

Altars:
Xom

Annotations:
D:3 Grinder


Innate Abilities, Weirdness & Mutations

You are small and have problems with some larger weapons.
You are carnivorous and can eat meat at any time.


Message History

Unknown command.
Unknown command.
The orc wizard points at you and mumbles some strange words.
You feel yourself slow down.
Unknown command.
You hit the orc wizard. You freeze the orc wizard.
The orc wizard is lightly wounded.
The orc wizard gestures at you while chanting.
You feel as though you will be slow longer.
Unknown command.
You barely miss the orc wizard.
The orc wizard is lightly wounded.
The orc wizard hits you but does no damage.
Unknown command.
You hit the orc wizard but do no damage.
The orc wizard is lightly wounded.
Something hits you but does no damage.
The orc wizard gestures at you while chanting.
The magic dart hits you!
You die...

#..>..##,* ##.#.###
#.......... ##⌠.⌠##,,*
#(.....# #...%......
,#####*,,* #......#
#..........
,******..####(.....#
#..........
,,,,,,,.......(....#
#..........
*******######......#
#.......... ,,,,,,,,,,*
#......# ###########
*********,* #([....# *,,,,,
*,,,,,,,,,*
####@###********,****
*,,,,,,,,,* #o#*,,,,,,,,*,* *
*,,,,,,,,,*
*#..,,,,,,,,,*,****
*********,*
**.###+***,,,,*,**,,
*****+****,##≈≈.≈≈**,,,,,,,,,
*,,,,,,,,,##≈..P.,≈**,**,**,,
*,,,,,,,,,#≈bP.⌠.P,≈*,,,,****
*,,,,,,,,.#≈.......≈*,****
*,,,,,,,,,+,,,*,*,,,+,*


You could see an orc wizard.

Vanquished Creatures
  2 adders (D:2)
  An ooze (D:1)
  3 worms
  3 orcs (D:3)
  5 giant cockroaches
  2 goblins
  9 hobgoblins
  8 kobolds
  A quokka (D:2)
  A bat (D:2)
  2 giant newts
  2 rats
39 creatures vanquished.

Notes
Turn   | Place    | Note
--------------------------------------------------------------
     0 | D:1      | Chris7 the Kobold Monk began the quest for the Orb.
     0 | D:1      | Reached XP level 1. HP: 14/14 MP: 1/1
   123 | D:1      | Reached skill level 1 in Short Blades
   354 | D:1      | Reached skill level 2 in Short Blades
   354 | D:1      | Reached XP level 2. HP: 19/19 MP: 2/2
   950 | D:1      | Reached skill level 3 in Short Blades
  1027 | D:2      | Reached XP level 3. HP: 23/23 MP: 3/3
  1441 | D:2      | Reached skill level 4 in Short Blades
  1780 | D:2      | Reached XP level 4. HP: 28/28 MP: 4/4
  2034 | D:2      | Found a shimmering altar of Xom.
  2379 | D:3      | Reached skill level 5 in Short Blades
  2493 | D:3      | Noticed Grinder
  2504 | D:3      | Paralysed by Grinder for 2 turns
  2513 | D:3      | Paralysed by Grinder for 6 turns
  2532 | D:3      | Killed from afar by an orc wizard

Skill      XL: |  1  2  3  4 |
---------------+-------------+-----
Short Blades   | 2 3 4 5 |  5.0
Fighting       | |  3.2
Dodging        | |  3.6
Stealth        | |  2.6
Unarmed Combat | |  4.0

Action                   |  1- 3 |  4- 6 || total
-------------------------+-------+-------++-------
Melee: Short sword       |   121 |    77 ||   198
Evoke: Wand              |       |     4 ||     4
  Use: Potion            |       |     5 ||     5
       Scroll            |       |     4 ||     4
 Stab: Sleeping          |     3 |     2 ||     5
  Eat: Chunk             |    11 |     1 ||    12
Armor: Robe              |    20 |    18 ||    38
Dodge: Dodged            |    80 |    52 ||   132
